 Dungeon Crawl Stone Soup version 0.31.0-7-gf635a9b802 (webtiles) character file.

Game seed: 11122453110014597637

21 stipulation the Ruffian (level 2, -2/26 HPs)
             Began as a Ghoul Monk on Jan 24, 2024.
             Slain by a quokka (3 damage)
             ... on level 1 of the Dungeon.
             The game lasted 00:00:18 (318 turns).

stipulation the Ruffian (Ghoul Monk)                 Turns: 318, Time: 00:00:19

Health: -2/26      AC:  2    Str: 14    XL:     2   Next: 83%
Magic:  2/2        EV: 12    Int:  9    God:
Gold:   20         SH:  0    Dex: 11    Spells: 1/1 levels left

rFire   . .          .
                       - Unarmed
rCold   + . .        c - orb {light}
rNeg    + + +        a - +0 robe
rPois   ∞            (no helmet)
rElec   .            (no cloak)
rCorr   .            (no gloves)
SInv    .            (no boots)
Will    .....        (no amulet)
Stlth   +            (no ring)
HPRegen 0.00/turn    (no ring)
MPRegen 0.08/turn

%: no passive effects
@: inhibited regen, glowing
A: claws 1, cold resistance 1, negative energy resistance 3, inhibited
regeneration, torment resistance 2, devour on kill
a: no special abilities


You were on level 1 of the Dungeon.
You visited 1 branch of the dungeon, and saw 1 of its levels.

You collected 20 gold pieces.

Inventory:

Armour
 a - a +0 robe (worn)
 c - an orb of light (worn)
Jewellery
 d - a ring of protection from fire
 e - a ring of fire
Scrolls
 f - a scroll of silence {unknown}
Potions
 b - a potion of ambrosia


   Skills:
 - Level 3.2 Fighting
 - Level 2.6 Dodging
 + Level 4.4 Unarmed Combat


You had one spell level left.
You didn't know any spells.
Your spell library contained the following spells:

 Spells                   Type           Power      Damage    Failure   Level
 Apportation              Tloc           0%         N/A       38%         1
 Necrotise                Necr           0%         1d4       38%         1
 Sting                    Conj/Alch      0%         1d3       38%         1
 Summon Small Mammal      Summ           0%         N/A       38%         1


Dungeon Overview and Level Annotations

Branches:
Dungeon (1/15)

Altars:


Innate Abilities, Weirdness & Mutations

You are immune to poison.
You have sharp fingernails.
Your flesh is cold resistant. (rC+)
You are immune to negative energy. (rN+++)
You do not regenerate when monsters are visible.
You are immune to unholy pain and torment.
You thrive by killing the living.


Message History

A quokka comes into view.
The quokka barely misses you. The quokka misses you. The quokka bites you.
A goblin comes into view. It is wielding a +0 dagger.
The goblin shouts!
The quokka attacks as it pursues you! The quokka barely misses you.
The goblin hits you with a +0 dagger. The quokka bites you.
You claw the goblin!
You kill the goblin!
You feel better. The quokka barely misses you.
Things that are here:
a +0 dagger; a goblin corpse The hobgoblin hits you.
The quokka bites you. The hobgoblin closely misses you.
You are too injured to fight recklessly!
You are too injured to fight recklessly!
You are too injured to fight recklessly!
You are too injured to fight recklessly!
You are too injured to fight recklessly!
You are too injured to fight recklessly!
You are too injured to fight recklessly!
You are too injured to fight recklessly!
You scratch the hobgoblin.
The hobgoblin is moderately wounded.
The quokka bites you but does no damage.
The hobgoblin hits you.
You scratch the hobgoblin.
The hobgoblin is severely wounded.
The quokka bites you but does no damage.
The hobgoblin closely misses you.
You scratch the hobgoblin.
You kill the hobgoblin!
You feel better. The quokka bites you. x2
* * * LOW HITPOINT WARNING * * *
The quokka bites you.
* * * LOW HITPOINT WARNING * * *
You scratch the quokka but do no damage.
The quokka bites you.
You die...

##.#........#...
#..#........##.(
#.##............
######.##.........##.
#........!.##..#####.
#..........##.## #..
#...)......#..# #..
#...r........## #..
#...@......### ##.
#....≈≈≈≈..# ##.
####....≈..# #..
##≈≈≈≈### #.. ######
#.. ##. ## #


You could see a quokka.

Vanquished Creatures
  2 ball pythons (D:1)
  A bat (D:1)
  2 endoplasms (D:1)
  2 giant cockroaches (D:1)
  4 goblins (D:1)
  3 hobgoblins (D:1)
  2 frilled lizards (D:1)
  A rat (D:1)
17 creatures vanquished.

Notes
Turn   | Place    | Note
-------+----------+-------------------------------------------
     0 | D:1      | stipulation the Ghoul Monk began the quest for the Orb.
     0 | D:1      | Reached XP level 1. HP: 19/19 MP: 1/1
   105 | D:1      | Reached XP level 2. HP: 24/26 MP: 2/2
   195 | D:1      | Reached skill level 4 in Unarmed Combat
   317 | D:1      | HP: 1/26 [quokka (5)]
   318 | D:1      | Slain by a quokka

Illustrated notes

Levels and vault maps discovered:
D:1:      denvon_arrival_waterhouse, layout_rooms,
          chequers_serial_rivers_micro_d

Skill      XL: |  1  2 |
---------------+-------+-----
Unarmed Combat | 4 |  4.4
Fighting       | |  3.2
Dodging        | |  2.6

Action                     || total
---------------------------++-------
  Melee: Unarmed           ||    44
 Armour: Robe              ||    30
  Dodge: Dodged            ||    44
